Map: Croisement de Kairos EC

Players

VeryAngry - Winner!

  • Race: Terran Terran
  • League: Diamond
  • Spawn Location: 11:00

Sorandom

  • Race: Zerg Zerg
  • League: Diamond
  • Spawn Location: 5:00

VOD

Have the link to the VOD?

Description

Time

  • Played on: April 12, 2019, 11:04 p.m.
  • Length: 5:17
Show
View Real Time Build Order
Export as new Build Order

VeryAngry Terran - Winner!

Build Orders:  

Get SALT Encoding   

  12  0:04  SCV  
  13  0:16  SCV  
  13  0:19  Supply Depot  
  14  0:29  SCV  
  15  0:41  SCV  
  16  0:45  Barracks  
  16  0:50  Refinery  
  16  0:53  SCV  
  17  1:06  SCV  
  18  1:18  SCV  
  19  1:31  Marine  
  19  1:32  Supply Depot  
  20  1:33  Orbital Command  
  20  1:41  Bunker  
  20  1:49  Marine  
  21  1:55  Factory  
  21  1:59  SCV  
  22  2:03  Refinery  
  22  2:07  Marine  
  23  2:15  SCV  
  24  2:27  SCV  
  24  2:32  Marine  
  25  2:41  Factory Tech Lab  
  25  2:42  Starport  
  25  2:43  SCV  
  26  2:49  Supply Depot  
  26  2:51  Barracks Reactor  
  26  2:56  SCV  
  27  3:03  Supply Depot  
  30  3:05  Siege Tank  
  30  3:08  SCV  
  31  3:20  Viking, SCV  
  34  3:45  Cyclone  
  37  3:58  Command Center  
  37  4:05  SCV  
  38  4:23  Cyclone, Marine x2  
  43  4:33  SCV  
  47  4:44  Supply Depot  
  47  4:58  Supply Depot  
  47  4:59  Supply Depot  
Show
View Real Time Build Order
Export as new Build Order

Sorandom Zerg 

Build Orders: Pool First, Ravager All-In 

Get SALT Encoding   

  12  0:18  Spawning Pool  
  11  0:22  Drone  
  11  0:27  Drone  
  13  0:32  Drone  
  14  0:36  Extractor  
  14  0:38  Extractor  
  12  1:07  Roach Warren  
  12  1:08  Drone x2  
  13  1:13  Drone  
  14  1:29  Overlord  
  14  1:41  Overlord  
  14  1:52  Roach  
  18  2:01  Roach  
  18  2:13  Roach  
  18  2:15  Ravager  
  21  2:23  Ravager  
  21  2:27  Roach  
  24  2:34  Ravager  
  25  2:43  Roach  
  27  2:48  Ravager  
  28  2:54  Roach  
  30  3:05  Overlord  
  30  3:26  Roach  
  32  3:31  Roach  
  28  3:52  Ravager x2  
  28  3:53  Roach  
  28  3:54  Roach  
  34  4:18  Overlord  
  34  4:19  Overlord  
  31  4:54  Hatchery  
  31  4:59  Drone x2  
Tags
 
Add a new tag
Caveats
  • Supply blocks, unpowered buildings, or Contaminate may cause inaccurate times.
  • Supply counts are checked every 10 seconds.